 Dungeon Crawl Stone Soup version 0.24.0-123-gd5b16e6ec5 (webtiles) character file.

Game seed: 974534817318255922, levelgen mode: deterministic

7245 Crl the Fighter (level 10, -5/94 HPs)
             Began as a Minotaur Fighter on Jan 4, 2020.
             Was a High Priest of Okawaru.
             Slain by an unseen horror (9 damage)
             ... on level 11 of the Dungeon.
             The game lasted 00:23:47 (12683 turns).

Crl the Fighter (Minotaur Fighter)                 Turns: 12683, Time: 00:23:48

Health: -5/94      AC: 12    Str: 24    XL:     10   Next: 88%
Magic:  18/18      EV:  9    Int:  5    God:    Okawaru [*****.]
Gold:   361        SH: 12    Dex: 10    Spells: 9/9 levels left

rFire    . . .     SeeInvis .   a - +0 trident
rCold    . . .     Gourm    .   c - +0 shield
rNeg     . . .     Faith    .   b - +0 scale mail
rPois    .         Spirit   .   (helmet restricted)
rElec    .         Reflect  .   I - +2 cloak
rCorr    .         Harm     .   (no gloves)
MR       .....                  (no boots)
Stlth    ..........             (no amulet)
HPRegen  0.25/turn              u - ring of magical power
MPRegen  0.16/turn              (no ring)

@: lightly drained
A: retaliatory headbutt, horns 2
a: Heroism, Finesse, Renounce Religion


You were on level 11 of the Dungeon.
You worshipped Okawaru.
Okawaru was extremely pleased with you.
You were near starving.

You visited 3 branches of the dungeon, and saw 13 of its levels.

You collected 548 gold pieces.
You spent 187 gold pieces at shops.

Inventory:

Hand Weapons
 a - a +0 trident (weapon)
 m - a +0 hunting sling
   (You found it on level 1 of the Dungeon)
 B - a +2 hand axe of freezing
   (You took it off an orc on level 4 of the Dungeon)
Missiles
 h - 27 sling bullets (quivered)
 p - 151 stones
 D - 43 bolts
 J - 4 boomerangs
 P - a throwing net
Armour
 b - a +0 scale mail (worn)
 c - a +0 shield (worn)
 k - a +0 cloak of invisibility
   (You found it on level 1 of the Dungeon)
 C - the +5 robe of Satisfaction {Slay+5 Stlth-}
   (You took it off an orc wizard on level 8 of the Dungeon)

   It affects your accuracy and damage with ranged weapons and melee attacks
   (+5).
   It makes you less stealthy.
 E - a +1 leather armour of fire resistance
   (You took it off an orc on level 5 of the Dungeon)
 I - a +2 cloak (worn)
   (You found it on level 9 of the Dungeon)
 L - a +1 ring mail of cold resistance
   (You took it off a gnoll sergeant on level 8 of the Dungeon)
Jewellery
 o - an uncursed amulet of magic regeneration {unknown}
   (You found it on level 8 of the Dungeon)
 u - a ring of magical power (left hand)
   (You found it on level 2 of the Dungeon)
Wands
 G - a wand of enslavement (8)
   (You found it on level 8 of the Dungeon)
Scrolls
 f - a scroll of fear
 g - 10 scrolls of teleportation
 r - 10 scrolls of identify
 t - 3 scrolls of enchant weapon {unknown}
 v - 3 scrolls of amnesia
 w - 3 scrolls of remove curse
 z - 2 scrolls of immolation {unknown}
 F - a scroll of acquirement {unknown}
 H - a scroll of magic mapping
 M - a scroll of fog
 N - 2 scrolls of blinking {unknown}
Potions
 d - 2 potions of might
 i - a potion of berserk rage {unknown}
 j - a potion of magic {unknown}
 l - 3 potions of mutation {unknown}
 n - 3 potions of degeneration {unknown}
 q - 5 potions of curing
 s - 2 potions of agility
 x - 3 potions of lignification {unknown}
 y - a potion of resistance {unknown}
 A - a potion of flight {unknown}
 K - a potion of invisibility {unknown}
 O - a potion of brilliance {unknown}
Comestibles
 e - 22 rations


   Skills:
 + Level 10.7(10.3) Fighting
 + Level 10.3(9.9) Polearms
 + Level 10.6(10.2) Armour
 + Level 10.6(10.1) Shields


You had 9 spell levels left.
You didn't know any spells.
Your spell library contained the following spells:

 Spells                   Type           Power        Failure   Level  Hunger
 Confusing Touch          Hex            #.....       91%         1    ##.....
 Corona                   Hex            #......      91%         1    ##.....
 Freeze                   Ice            #...         91%         1    ##.....
 Magic Dart               Conj           #...         91%         1    ##.....
 Ensorcelled Hibernation  Hex/Ice        #.....       97%         2    ###....
 Searing Ray              Conj           #.....       97%         2    ###....
 Throw Frost              Conj/Ice       #.....       97%         2    ###....
 Confuse                  Hex            #.......     99%         3    ####...
 Dazzling Spray           Conj/Hex       #.....       99%         3    ####...
 Gell's Gravitas          Tloc           #.........   99%         3    ####...
 Ozocubu's Armour         Chrm/Ice       #.......     99%         3    ####...
 Tukima's Dance           Hex            #.......     99%         3    ####...
 Force Lance              Conj/Tloc      #.......     100%        4    #####..
 Fulminant Prism          Conj/Hex       #.........   100%        4    #####..
 Iskenderun's Mystic Bla  Conj           #.......     100%        4    #####..
 Petrify                  Tmut/Erth      #.......     100%        4    #####..
 Summon Ice Beast         Ice/Summ       #.......     100%        4    #####..
 Throw Icicle             Conj/Ice       #.......     100%        4    #####..
 Metabolic Englaciation   Hex/Ice        #.........   100%        5    ######.
 Yara's Violent Unravell  Hex/Tmut       #.........   100%        5    ######.


Dungeon Overview and Level Annotations

Branches:
Dungeon (11/15)            Temple (1/1) D:6             Orc (1/2) D:10
   Lair: D:8-11

Altars:
Ashenzari
Cheibriados
Dithmenos
Elyvilon
Fedhas
Gozag
Hepliaklqana
Kikubaaqudgha
Makhleb
Nemelex Xobeh
Okawaru
Qazlal
Ru
Sif Muna
Trog
Uskayaw
Vehumet
Wu Jian
Xom
Yredelemnul
Zin
The Shining One
Jiyva

Shops:
D:5 ?

Annotations:
D:5 2 transporters, Ichigo's ghost, novice DDFi
D:8 3 runed translucent doors, gargbit's ghost, novice GrGl


Innate Abilities, Weirdness & Mutations

You reflexively headbutt those who attack you in melee.
You have a pair of horns on your head.


Message History

Something hits you.
There is an open door here.
Something hits you! Something hits you but does no damage. Something hits you!
* * * LOW HITPOINT WARNING * * *
Something hits you!
* * * LOW HITPOINT WARNING * * *
Something hits you but does no damage.
You see here a ration.
e - 22 rations (gained 1)
Something hits you but does no damage. Something hits you.
* * * LOW HITPOINT WARNING * * *
Something hits you.
* * * LOW HITPOINT WARNING * * *
Something hits you!
* * * LOW HITPOINT WARNING * * *
Something hits you!
You die...

......... #.#.##.#
#.........####.......
.....#...##..........
#...>#...##.)........
#....# #.............
#.### #.............
#...####.............
###.##....[..........
#.@{...[..!........
####.[<)...........
#...............
.....[....###....##
...........# #....##
#...........# #.^....
#...........# #......
#...........# #..o...
############# #...o..


There were no monsters in sight!

Vanquished Creatures
  A two-headed ogre (D:10)
  A komodo dragon (D:7)
  A hornet (D:10)
  A merfolk (D:10)
  A hippogriff (D:8)
  Sigmund (D:3)
  4 yaks
  3 hungry ghosts
  A two-headed ogre zombie (D:10)
  A sky beast (D:7)
  An orc warrior (D:11)
  3 ice beasts (D:10)
  An ogre (D:8)
  5 phantoms
  3 centaurs
  A gnoll sergeant (D:8)
  A big kobold (D:10)
  3 bullfrogs
  A wyvern skeleton (D:10)
  3 scorpions
  16 killer bees
  2 troll zombies (D:10)
  12 wights
  3 crimson imps
  5 hounds
  An orc priest (D:10)
  5 bullfrog skeletons
  2 jellies
  11 orc wizards
  4 iguanas
  8 worker ants
  2 killer bee zombies
  5 ogre zombies (D:10)
  A hound zombie (D:5)
  A hound skeleton (D:4)
  A howler monkey skeleton (D:9)
  8 gnolls
  8 adders
  A shadow imp (D:7)
  3 worms
  2 dart slugs (D:2)
  8 leopard geckos
  25 orcs
  2 ball pythons
  4 giant cockroaches
  7 goblins
  4 hobgoblins
  2 jackals (D:6)
  11 kobolds
  3 quokkas
  6 bats
  7 frilled lizards
  4 goblin skeletons (D:10)
  3 goblin zombies (D:10)
  5 hobgoblin skeletons (D:10)
  3 hobgoblin zombies (D:10)
  A jackal zombie (D:8)
  2 orc skeletons (D:10)
  8 orc zombies (D:10)
  A quokka skeleton (D:4)
  7 rats
251 creatures vanquished.

Notes
Turn   | Place    | Note
-------+----------+-------------------------------------------
     0 | D:1      | Crl the Minotaur Fighter began the quest for the Orb.
     0 | D:1      | Reached XP level 1. HP: 19/19 MP: 0/0
   391 | D:1      | Reached XP level 2. HP: 27/27 MP: 1/1
   826 | D:2      | Found an iron altar of Okawaru.
   858 | D:2      | Became a worshipper of Warmaster Okawaru
  1007 | D:2      | Reached XP level 3. HP: 26/33 MP: 2/2
  1338 | D:2      | Found a faded altar of an unknown god.
  1662 | D:2      | Found a shadowy altar of Dithmenos.
  1767 | D:2      | Reached XP level 4. HP: 41/41 MP: 3/3
  2020 | D:3      | Reached XP level 5. HP: 47/47 MP: 4/4
  2086 | D:3      | Found a hazy altar of Hepliaklqana.
  2089 | D:3      | Noticed Sigmund
  2120 | D:3      | Killed Sigmund
  2120 | D:3      | Reached * piety under Okawaru
  2120 | D:3      | Reached skill level 5 in Fighting
  2120 | D:3      | Reached skill level 5 in Armour
  2120 | D:3      | Reached skill level 5 in Shields
  2120 | D:3      | Reached XP level 6. HP: 19/56 MP: 5/5
  2786 | D:4      | Found an ancient bone altar of Kikubaaqudgha.
  2856 | D:4      | Found a glowing golden altar of the Shining One.
  3266 | D:5      | Entered Level 5 of the Dungeon
  3269 | D:5      | Reached skill level 5 in Polearms
  3269 | D:5      | Reached XP level 7. HP: 60/62 MP: 6/6
  3291 | D:5      | Reached ** piety under Okawaru
  3602 | D:5      | Found a blossoming altar of Fedhas.
  4576 | D:5      | Found a transporter.
  4579 | D:5      | Found a transporter.
  4581 | D:5      | Noticed Ichigo's ghost (novice DDFi)
  4632 | D:5      | Found a shattered altar of Ashenzari.
  4633 | D:5      | Found Xennogah's Magic Scroll Emporium.
  4681 | D:5      | Bought a scroll of teleportation for 33 gold pieces
  4681 | D:5      | Bought a scroll of teleportation for 33 gold pieces
  4681 | D:5      | Bought a scroll of remove curse for 33 gold pieces
  4681 | D:5      | Bought a scroll of identify for 22 gold pieces
  4681 | D:5      | Bought a scroll of teleportation for 33 gold pieces
  4681 | D:5      | Bought a scroll of remove curse for 33 gold pieces
  4778 | D:5      | Reached XP level 8. HP: 19/71 MP: 7/7
  5197 | D:6      | Found a staircase to the Ecumenical Temple.
  5206 | Temple   | Entered the Ecumenical Temple
  5293 | D:6      | Found a radiant altar of Vehumet.
  6044 | D:7      | Reached *** piety under Okawaru
  6517 | D:6      | Reached XP level 9. HP: 38/81 MP: 8/8
  6933 | D:7      | Reached **** piety under Okawaru
  7124 | D:7      | Found a glowing silver altar of Zin.
  7128 | D:7      | Found a bloodstained altar of Trog.
  7133 | D:7      | Found a sacrificial altar of Ru.
  7189 | D:8      | Found a runed translucent gate.
  7189 | D:8      | Found a runed translucent gate.
  7189 | D:8      | Found a runed translucent gate.
  7200 | D:8      | Noticed a komodo dragon
  7696 | D:7      | Killed a komodo dragon
  7996 | D:8      | Identified the +5 robe of Satisfaction {Slay+5 Stlth-}
  8318 | D:8      | Reached ***** piety under Okawaru
  8769 | D:8      | Noticed gargbit's ghost (novice GrGl)
  9480 | D:8      | Reached XP level 10. HP: 72/91 MP: 9/9
  9859 | D:8      | Found a viscous altar of Jiyva.
 10379 | D:9      | Found a basalt altar of Yredelemnul.
 10710 | D:10     | Entered Level 10 of the Dungeon
 10960 | D:10     | Found a staircase to the Orcish Mines.
 10962 | D:10     | Noticed a two-headed ogre
 10975 | D:10     | Killed a two-headed ogre
 10975 | D:10     | Reached skill level 10 in Fighting
 10975 | D:10     | Reached skill level 10 in Armour
 10975 | D:10     | Reached skill level 10 in Shields
 11532 | D:10     | Reached skill level 10 in Polearms
 12056 | D:10     | You fall into a shaft and drop 1 floor!
 12057 | D:11     | Noticed a skeletal warrior
 12131 | D:10     | Found a glowing golden altar of the Shining One.
 12292 | Orc:1    | Entered Level 1 of the Orcish Mines
 12292 | Orc:1    | Noticed an orc sorcerer
 12294 | Orc:1    | Noticed a sixfirhy
 12308 | D:11     | Noticed a two-headed ogre
 12682 | D:11     | HP: 4/94 [something (8)]
 12683 | D:11     | Slain by an unseen horror

Levels and vault maps discovered:
D:1:      lightli_arrival_farm, layout_basic
D:2:      layout_basic, okawaru_gym_becter, lemuel_round_altar, first_ration,
          chequers_ecumenical_altar_grove
D:3:      layout_rooms, old_standard_altar, serial_curves, eino_curves_04,
          eino_curves_01, eino_curves_01, uniq_sigmund
D:4:      layout_basic, lemuel_round_altar, lemuel_crystal_altar
D:5:      layout_basic, fedhas_altar_3, kennysheep_mini, serial_shops, shop,
          gammafunk_ghost_arena
D:6:      layout_loops_cross, fiery_altar_vehumet, minmay_temple_entry_trees,
          minmay_a_box_with_orc_wizards_in_it
D:7:      layout_rooms, minmay_overflow_temple_star_quad
D:8:      layout_layer_cave, gammafunk_ghost_ooze, minmay_circle_x
D:9:      layout_long_grid, lemuel_coloured_pillars_altar
D:10:     layout_rooms, zombieorc2_lemuel, hangedman_fish_farm, tso_metal_star
D:11:     layout_basic, dpeg_oklobed_lair, grunt_ministairs_15
Temple:   zaba_magenta_temple
Orc:1:    layout_diamond_mine, gammafunk_ghost_smash, nicolae_orc_bridge_out,
          chequers_guarded_unrand_ignorance, uniq_jorgrun

Skill      XL: |  1  2  3  4  5  6  7  8  9 10 |
---------------+-------------------------------+-----
Fighting       | 4 5 6 8 9 10 | 10.7
Armour         | 4 5 6 7 9 10 | 10.6
Shields        | 4 5 6 7 9 10 | 10.6
Polearms       | 3 4 5 6 7 9 10 | 10.3

Action                   |  1- 3 |  4- 6 |  7- 9 | 10-12 || total
-------------------------+-------+-------+-------+-------++-------
Melee: Trident           |   108 |    95 |   532 |   402 ||  1137
       Headbutt          |     7 |    11 |    93 |    74 ||   185
Invok: Heroism           |       |       |     1 |     1 ||     2
  Use: Scroll            |     6 |       |       |       ||     6
       Potion            |       |       |       |     1 ||     1
  Eat: Chunk             |     3 |     5 |    17 |     5 ||    30
       Ration            |       |       |     1 |     2 ||     3
Armor: Scale mail        |    20 |    13 |   154 |   100 ||   287
Dodge: Dodged            |    19 |    15 |   124 |    63 ||   221
Block: Shield            |    40 |    23 |   273 |   161 ||   497
